 Dungeon Crawl Stone Soup version 0.24.0 (webtiles) character file.

Game seed: 13379853898090549481, levelgen mode: deterministic

177 NeoElementia the Insei (level 5, -2/41 HPs)
             Began as a Gnoll Transmuter on Mar 5, 2020.
             Slain by an orc
             ... wielding a +0 short sword
              (5 damage)
             ... on level 3 of the Dungeon.
             The game lasted 00:19:10 (2549 turns).

NeoElementia the Insei (Gnoll Transmuter)           Turns: 2549, Time: 00:19:11

Health: -2/41      AC:  2    Str: 13    XL:     5   Next: 57%
Magic:  12/12      EV: 15    Int: 16    God:
Gold:   178        SH:  0    Dex: 15    Spells: 4/14 levels left

rFire    . . .     SeeInvis .     - Unarmed
rCold    . . .     Gourm    .   (no shield)
rNeg     . . .     Faith    .   b - +0 robe
rPois    +         Spirit   .   (no helmet)
rElec    .         Reflect  .   (no cloak)
rCorr    .         Harm     .   (no gloves)
MR       .....                  (no boots)
Stlth    ++........             (no amulet)
HPRegen  0.13/turn              k - ring of poison resistance
MPRegen  0.13/turn              (no ring)

@: appendage
A: distributed training, fangs 1, horns 2, strong nose
a: End Transformation


You were on level 3 of the Dungeon.
You were not hungry.
You had grown temporary horns.
You visited 1 branch of the dungeon, and saw 3 of its levels.

You collected 178 gold pieces.

Inventory:

Hand Weapons
 f - a +0 spear
Missiles
 a - 54 arrows
 m - a boomerang (quivered)
Armour
 b - a +0 robe (worn)
 c - a +0 helmet
 i - a +0 pair of gloves
Jewellery
 k - a ring of poison resistance (left hand)
 p - an uncursed ring of flight {unknown}
Scrolls
 g - 3 scrolls of identify
 n - a scroll of enchant armour {unknown}
 q - a scroll of immolation {unknown}
 s - a scroll of blinking {unknown}
 v - a scroll of enchant weapon {unknown}
Potions
 e - a potion of mutation {unknown}
 h - a potion of ambrosia {unknown}
 j - a potion of invisibility
 l - a potion of curing {unknown}
 o - a potion of agility {unknown}
 r - a potion of haste
 u - a potion of berserk rage {unknown}
 w - a potion of flight {unknown}
Comestibles
 d - 6 rations


   Skills:
 + Level 3.0 Fighting
 + Level 1.5 Short Blades
 + Level 1.5 Long Blades
 + Level 1.5 Axes
 + Level 1.5 Maces & Flails
 + Level 1.5 Polearms
 + Level 1.5 Staves
 + Level 1.5 Slings
 + Level 1.5 Bows
 + Level 1.5 Crossbows
 + Level 1.5 Throwing
 + Level 1.5 Armour
 + Level 4.8 Dodging
 + Level 1.5 Stealth
 + Level 1.5 Shields
 + Level 6.7 Unarmed Combat
 + Level 5.2 Spellcasting
 + Level 1.2 Conjurations
 + Level 1.2 Hexes
 + Level 1.2 Charms
 + Level 1.2 Summonings
 + Level 1.2 Necromancy
 + Level 1.2 Translocations
 + Level 4.0 Transmutations
 + Level 1.2 Fire Magic
 + Level 1.2 Ice Magic
 + Level 1.2 Air Magic
 + Level 1.2 Earth Magic
 + Level 1.2 Poison Magic
 + Level 1.7 Invocations
 + Level 1.5 Evocations


You had 4 spell levels left.
You knew the following spells:

 Your Spells              Type           Power        Failure   Level  Hunger
a - Beastly Appendage     Tmut           ###...       3%          1    None
b - Ice Form              Ice/Tmut       ##......     45%         4    ####...
c - Spider Form           Tmut/Pois      ##........   16%         3    ###....
d - Sticks to Snakes      Tmut           ###.....     4%          2    #......

Your spell library contained the following spells:

 Spells                   Type           Power        Failure   Level  Hunger
 Blade Hands              Tmut           ###.......   63%         5    ######.


Dungeon Overview and Level Annotations

Branches:
Dungeon (3/15)

Altars:
Cheibriados
Okawaru


Innate Abilities, Weirdness & Mutations

Your experience applies equally to all skills.
You have very sharp teeth.
Your uncanny sense of smell can sniff out nearby items.
You have a pair of horns on your head.


Message History

The orc misses you.
You hit the orc. Your bite misses the orc.
The orc is moderately wounded.
The orc priest hits you but does no damage.
The orc closely misses you.
You hit the orc but do no damage. Your headbutt misses the orc.
You bite the orc, but do no damage.
The orc is moderately wounded.
The orc priest hits you. The orc hits you with a +0 short sword.
The orc closely misses you.
You hit the orc but do no damage.
The orc is moderately wounded.
The orc priest mumbles some strange prayers to Beogh against you.
Beogh smites you!
* * * LOW HITPOINT WARNING * * *
The orc hits you with a +0 short sword.
* * * LOW HITPOINT WARNING * * *
The orc misses you. The orc hits you with a +0 short sword.
You die...

.........#≈≈.≈≈#..............)..
.#.......#..8..#.................
.#)......#.8_8.#.................
.#.......#..8..#.................
.#.......#######......^..........
##'####.## #....................
#...###.#####....o........(....÷.
...............)oo...............
#...###.#####..)@................
#.....#.# #....................
#...#.#.#####....................
#...#.#..........................
#####)#######....................
#####.#..........................
.)...............................
#####.#..........................
....#.########.#######.##.......#


You could see an orc priest and 2 orcs.

Vanquished Creatures
  Jessica (D:2)
  5 adders
  An ooze (D:1)
  4 worms
  3 dart slugs
  3 leopard geckos
  3 orcs (D:3)
  4 giant cockroaches
  9 goblins
  4 hobgoblins
  9 jackals (D:1)
  6 kobolds
  2 quokkas (D:2)
  A ball python (D:2)
  13 bats
  2 frilled lizards (D:1)
  8 rats
78 creatures vanquished.

Notes
Turn   | Place    | Note
-------+----------+-------------------------------------------
     0 | D:1      | NeoElementia the Gnoll Transmuter began the quest for the
                  | Orb.
     0 | D:1      | Reached XP level 1. HP: 17/17 MP: 6/6
   145 | D:1      | Reached XP level 2. HP: 19/23 MP: 5/7
   605 | D:1      | Reached XP level 3. HP: 25/28 MP: 7/9
   613 | D:1      | Reached skill level 5 in Spellcasting
   757 | D:1      | Reached skill level 1 in Invocations
  1144 | D:2      | Reached skill level 1 in Short Blades
  1144 | D:2      | Reached skill level 1 in Long Blades
  1144 | D:2      | Reached skill level 1 in Axes
  1144 | D:2      | Reached skill level 1 in Maces & Flails
  1144 | D:2      | Reached skill level 1 in Polearms
  1144 | D:2      | Reached skill level 1 in Staves
  1144 | D:2      | Reached skill level 1 in Slings
  1144 | D:2      | Reached skill level 1 in Bows
  1144 | D:2      | Reached skill level 1 in Crossbows
  1144 | D:2      | Reached skill level 1 in Throwing
  1144 | D:2      | Reached skill level 1 in Armour
  1144 | D:2      | Reached skill level 1 in Stealth
  1144 | D:2      | Reached skill level 1 in Shields
  1144 | D:2      | Reached skill level 1 in Evocations
  1151 | D:2      | Reached XP level 4. HP: 20/34 MP: 11/11
  1286 | D:2      | Learned a level 4 spell: Ice Form
  1290 | D:2      | Learned a level 3 spell: Spider Form
  1293 | D:2      | Learned a level 2 spell: Sticks to Snakes
  1638 | D:2      | Reached skill level 1 in Conjurations
  1638 | D:2      | Reached skill level 1 in Hexes
  1638 | D:2      | Reached skill level 1 in Charms
  1638 | D:2      | Reached skill level 1 in Summonings
  1638 | D:2      | Reached skill level 1 in Necromancy
  1638 | D:2      | Reached skill level 1 in Translocations
  1638 | D:2      | Reached skill level 1 in Fire Magic
  1638 | D:2      | Reached skill level 1 in Ice Magic
  1638 | D:2      | Reached skill level 1 in Air Magic
  1638 | D:2      | Reached skill level 1 in Earth Magic
  1638 | D:2      | Reached skill level 1 in Poison Magic
  1663 | D:2      | Noticed Jessica
  1669 | D:2      | Killed Jessica
  1669 | D:2      | Reached XP level 5. HP: 34/40 MP: 8/12
  1819 | D:2      | Found a faded altar of an unknown god.
  1915 | D:2      | Found a snail-covered altar of Cheibriados.
  2398 | D:3      | Found an iron altar of Okawaru.
  2549 | D:3      | Slain by an orc

Levels and vault maps discovered:
D:1:      elethiomel_arrival_infinity_welcomes_careful_drivers, layout_rooms,
          st_stairs_1, patterned_corridor
D:2:      layout_rooms, kennysheep_slug_shrine, chequers_ecumenical_altar_grove,
          uniq_jessica
D:3:      layout_basic, kennysheep_okawaru_gauntlet, first_ration
